 Dungeon Crawl Stone Soup version 0.17-a0-2127-g1cb09f6 (webtiles) character file.

23 SlimeFever the Vexing (level 2, -3/19 HPs)
             Began as a Vampire Enchanter on Oct 22, 2015.
             Killed from afar by Natasha (5 damage)
             ... with a magic dart
             ... on level 2 of the Dungeon.
             The game lasted 00:07:19 (837 turns).

SlimeFever the Vexing (Vampire Enchanter)            Turns: 837, Time: 00:07:19

Health: -3/19      AC:  6    Str:  7    XL:     2   Next: 75%
Magic:  1/5        EV: 10    Int: 17    God:
Gold:   49         SH:  0    Dex: 14    Spells: 2 memorised, 2 levels left

rFire  . . .     SeeInvis +     a - +1 dagger
rCold  . . .     Clarity  .     h - +0 ring mail
rNeg   + . .     SustAt   .     (no shield)
rPois  .         Gourm    .     (no helmet)
rElec  .         Spirit   .     g - +0 cloak
rCorr  .         Warding  .     (no gloves)
rMut   .         Stasis   .     (no boots)
MR     .....                    (no amulet)
Stlth  ++........               (no ring)
                                (no ring)

@: very slightly contaminated, not resistant to hostile enchantments, unstealthy
A: fangs 3, see invisible, unbreathing
a: no special abilities


You were on level 2 of the Dungeon.
You were not thirsty.

You visited 1 branch of the dungeon, and saw 2 of its levels.

You collected 49 gold pieces.

Inventory:

Hand Weapons
 a - a +1 dagger (weapon)
Missiles
 m - 6 poisoned needles
Armour
 g - a +0 cloak (worn)
 h - a +0 ring mail (worn)
Potions
 d - a potion of blood
 i - a potion of mutation {unknown}
 j - 2 potions of curing
 l - a potion of cancellation {unknown}
 p - a potion of haste {unknown}
 q - a potion of flight {unknown}
Books
 c - a book of Maledictions

   Spells                             Type                      Level
   a - Corona                         Hexes                        1
   b - Ensorcelled Hibernation        Hexes/Ice                    2
   c - Confuse                        Hexes                        3
   d - Tukima's Dance                 Hexes                        3
   e - Dazzling Spray                 Conjuration/Hexes            3


   Skills:
 * Level 1.7 Short Blades
 * Level 0.5 Armour
 + Level 2.1 Dodging
 + Level 4.6 Stealth
 + Level 2.1 Spellcasting
 + Level 5.0 Hexes


You had 2 spell levels left.
You knew the following spells:

 Your Spells              Type           Power        Failure   Level  Hunger
a - Corona                Hex            ###....      10%         1    #......
b - Ensorcelled Hibernat  Hex/Ice        ##....       34%         2    ###....


Dungeon Overview and Level Annotations

Branches:
Dungeon (2/15)

Altars:

Annotations:
D:2 Natasha


Innate Abilities, Weirdness & Mutations

You have razor-sharp teeth.
You have supernaturally acute eyesight.
You can survive without breathing.


Message History

Aiming: Ensorcelled Hibernation
Press: ? - help, Shift-Dir - straight line, f - Natasha
Aim: Natasha (chance to defeat MR: 41%)
Okay, then.
Casting: Ensorcelled Hibernation
Confirm with . or Enter, or press ? or * to list all spells.
Aiming: Ensorcelled Hibernation
Press: ? - help, Shift-Dir - straight line, f - Natasha
Aim: Natasha (chance to defeat MR: 41%) Natasha resists with some effort.
Natasha claws you.
A giant newt comes into view.
You barely miss Natasha. Natasha claws you but does no damage.
You hit Natasha. Your bite misses Natasha.
Natasha is moderately wounded.
Natasha claws you.
* * * LOW HITPOINT WARNING * * *
The giant newt hisses menacingly.
Natasha stares at you and mumbles some strange words.
The magic dart hits you!
You die...

............. ..#
...........# ....#
#........# ....#
.##........# ....#
........#####....#.
......##...........
..... #.h...l.....
.... #...........
... #...@....... ..
#........... .
############


You could see Natasha and a giant newt.

Vanquished Creatures
  A giant gecko (D:1)
  2 giant cockroaches
  3 hobgoblins
  4 kobolds (D:1)
  4 bats
  5 giant newts
  A goblin (D:1)
  4 rats
24 creatures vanquished.

Notes
Turn   | Place    | Note
--------------------------------------------------------------
     0 | D:1      | SlimeFever the Vampire Enchanter began the quest for the Orb.
     0 | D:1      | Reached XP level 1. HP: 13/13 MP: 3/3
   272 | D:1      | Reached XP level 2. HP: 11/19 MP: 3/5
   276 | D:1      | Learned a level 2 spell: Ensorcelled Hibernation
   797 | D:2      | Reached skill level 5 in Hexes
   827 | D:2      | Noticed Natasha
   837 | D:2      | Killed from afar by Natasha

Vault maps used:
D:1:      ncdulo_wetmaze, minivault_11, grunt_decor_arrowhead,
          corexii_corridor_pit, hangedman_decor_points
D:2:      grunt_temple_overflow_diamond, uniq_natasha, uniq_terence

Action                   || total
-------------------------++-------
Melee: Dagger            ||    80
 Cast: Corona            ||     6
       Ensorcelled Hiber ||     2
  Use: Scroll            ||     6
 Stab: Sleeping          ||     4
  Eat: Corpse            ||     3
